%YAML 1.1
%TAG !u! tag:unity3d.com,2011:
--- !u!114 &3501300237057314688
MonoBehaviour:
  m_ObjectHideFlags: 0
  m_CorrespondingSourceObject: {fileID: 0}
  m_PrefabInstance: {fileID: 0}
  m_PrefabAsset: {fileID: 0}
  m_GameObject: {fileID: 1416439033888579388}
  m_Enabled: 1
  m_EditorHideFlags: 0
  m_Script: {fileID: 11500000, guid: 38d32a2f82ec1de47aedfc84b1a0367c, type: 3}
  m_Name: 
  m_EditorClassIdentifier: 
--- !u!1 &3147615354234012466
GameObject:
  m_ObjectHideFlags: 0
  m_CorrespondingSourceObject: {fileID: 0}
  m_PrefabInstance: {fileID: 0}
  m_PrefabAsset: {fileID: 0}
  serializedVersion: 6
  m_Component:
  - component: {fileID: 3774034201712045771}
  - component: {fileID: 347590410932770456}
  m_Layer: 0
  m_Name: Poravnavanje
  m_TagString: Untagged
  m_Icon: {fileID: 0}
  m_NavMeshLayer: 0
  m_StaticEditorFlags: 0
  m_IsActive: 1
--- !u!4 &3774034201712045771
Transform:
  m_ObjectHideFlags: 0
  m_CorrespondingSourceObject: {fileID: 0}
  m_PrefabInstance: {fileID: 0}
  m_PrefabAsset: {fileID: 0}
  m_GameObject: {fileID: 3147615354234012466}
  m_LocalRotation: {x: -0, y: -0, z: -0, w: 1}
  m_LocalPosition: {x: 0, y: 0, z: 0}
  m_LocalScale: {x: 1, y: 1, z: 1}
  m_Children:
  - {fileID: 4571963331400843824}
  - {fileID: 1416439033888579389}
  - {fileID: 3494602943522402118}
  - {fileID: 7585208101954610942}
  m_Father: {fileID: 7440122386265365469}
  m_RootOrder: 0
  m_LocalEulerAnglesHint: {x: 0, y: 0, z: 0}
--- !u!156049354 &347590410932770456
Grid:
  m_ObjectHideFlags: 0
  m_CorrespondingSourceObject: {fileID: 0}
  m_PrefabInstance: {fileID: 0}
  m_PrefabAsset: {fileID: 0}
  m_GameObject: {fileID: 3147615354234012466}
  m_Enabled: 1
  m_CellSize: {x: 0.01, y: 0.01, z: 0.01}
  m_CellGap: {x: 0, y: 0, z: 0}
  m_CellLayout: 0
  m_CellSwizzle: 0
--- !u!1 &8888877417856567597
GameObject:
  m_ObjectHideFlags: 0
  m_CorrespondingSourceObject: {fileID: 0}
  m_PrefabInstance: {fileID: 0}
  m_PrefabAsset: {fileID: 0}
  serializedVersion: 6
  m_Component:
  - component: {fileID: 7440122386265365469}
  m_Layer: 0
  m_Name: BCluster1
  m_TagString: Untagged
  m_Icon: {fileID: 0}
  m_NavMeshLayer: 0
  m_StaticEditorFlags: 0
  m_IsActive: 1
--- !u!4 &7440122386265365469
Transform:
  m_ObjectHideFlags: 0
  m_CorrespondingSourceObject: {fileID: 0}
  m_PrefabInstance: {fileID: 0}
  m_PrefabAsset: {fileID: 0}
  m_GameObject: {fileID: 8888877417856567597}
  m_LocalRotation: {x: 0, y: 0, z: 0, w: 1}
  m_LocalPosition: {x: 0, y: 0, z: 0}
  m_LocalScale: {x: 1, y: 1, z: 1}
  m_Children:
  - {fileID: 3774034201712045771}
  m_Father: {fileID: 0}
  m_RootOrder: 0
  m_LocalEulerAnglesHint: {x: 0, y: 0, z: 0}
--- !u!1001 &71174044521328156
PrefabInstance:
  m_ObjectHideFlags: 0
  serializedVersion: 2
  m_Modification:
    m_TransformParent: {fileID: 3774034201712045771}
    m_Modifications:
    - target: {fileID: 1393001661345493280, guid: f3d292c43e415534a9b9e37ddd6c6101,
        type: 3}
      propertyPath: m_Name
      value: Room TB (2)
      objectReference: {fileID: 0}
    - target: {fileID: 1393001661345493281, guid: f3d292c43e415534a9b9e37ddd6c6101,
        type: 3}
      propertyPath: m_LocalPosition.x
      value: 0
      objectReference: {fileID: 0}
    - target: {fileID: 1393001661345493281, guid: f3d292c43e415534a9b9e37ddd6c6101,
        type: 3}
      propertyPath: m_LocalPosition.y
      value: 0
      objectReference: {fileID: 0}
    - target: {fileID: 1393001661345493281, guid: f3d292c43e415534a9b9e37ddd6c6101,
        type: 3}
      propertyPath: m_LocalPosition.z
      value: 0
      objectReference: {fileID: 0}
    - target: {fileID: 1393001661345493281, guid: f3d292c43e415534a9b9e37ddd6c6101,
        type: 3}
      propertyPath: m_LocalRotation.x
      value: 0
      objectReference: {fileID: 0}
    - target: {fileID: 1393001661345493281, guid: f3d292c43e415534a9b9e37ddd6c6101,
        type: 3}
      propertyPath: m_LocalRotation.y
      value: 0
      objectReference: {fileID: 0}
    - target: {fileID: 1393001661345493281, guid: f3d292c43e415534a9b9e37ddd6c6101,
        type: 3}
      propertyPath: m_LocalRotation.z
      value: 0
      objectReference: {fileID: 0}
    - target: {fileID: 1393001661345493281, guid: f3d292c43e415534a9b9e37ddd6c6101,
        type: 3}
      propertyPath: m_LocalRotation.w
      value: 1
      objectReference: {fileID: 0}
    - target: {fileID: 1393001661345493281, guid: f3d292c43e415534a9b9e37ddd6c6101,
        type: 3}
      propertyPath: m_RootOrder
      value: 1
      objectReference: {fileID: 0}
    - target: {fileID: 1393001661345493281, guid: f3d292c43e415534a9b9e37ddd6c6101,
        type: 3}
      propertyPath: m_LocalEulerAnglesHint.x
      value: 0
      objectReference: {fileID: 0}
    - target: {fileID: 1393001661345493281, guid: f3d292c43e415534a9b9e37ddd6c6101,
        type: 3}
      propertyPath: m_LocalEulerAnglesHint.y
      value: 0
      objectReference: {fileID: 0}
    - target: {fileID: 1393001661345493281, guid: f3d292c43e415534a9b9e37ddd6c6101,
        type: 3}
      propertyPath: m_LocalEulerAnglesHint.z
      value: 0
      objectReference: {fileID: 0}
    - target: {fileID: 3734515531727434963, guid: f3d292c43e415534a9b9e37ddd6c6101,
        type: 3}
      propertyPath: securityAddon
      value: 
      objectReference: {fileID: 8683831271444811198}
    - target: {fileID: 3734515531727434963, guid: f3d292c43e415534a9b9e37ddd6c6101,
        type: 3}
      propertyPath: reachable
      value: 0
      objectReference: {fileID: 0}
    - target: {fileID: 6599887360916191983, guid: f3d292c43e415534a9b9e37ddd6c6101,
        type: 3}
      propertyPath: reachable
      value: 0
      objectReference: {fileID: 0}
    - target: {fileID: 6599887360916191983, guid: f3d292c43e415534a9b9e37ddd6c6101,
        type: 3}
      propertyPath: securityAddon
      value: 
      objectReference: {fileID: 3319310879294398951}
    m_RemovedComponents: []
  m_SourcePrefab: {fileID: 100100000, guid: f3d292c43e415534a9b9e37ddd6c6101, type: 3}
--- !u!1 &1416439033888579388 stripped
GameObject:
  m_CorrespondingSourceObject: {fileID: 1393001661345493280, guid: f3d292c43e415534a9b9e37ddd6c6101,
    type: 3}
  m_PrefabInstance: {fileID: 71174044521328156}
  m_PrefabAsset: {fileID: 0}
--- !u!4 &1416439033888579389 stripped
Transform:
  m_CorrespondingSourceObject: {fileID: 1393001661345493281, guid: f3d292c43e415534a9b9e37ddd6c6101,
    type: 3}
  m_PrefabInstance: {fileID: 71174044521328156}
  m_PrefabAsset: {fileID: 0}
--- !u!1 &8683831271444811198 stripped
GameObject:
  m_CorrespondingSourceObject: {fileID: 8682930060724691874, guid: f3d292c43e415534a9b9e37ddd6c6101,
    type: 3}
  m_PrefabInstance: {fileID: 71174044521328156}
  m_PrefabAsset: {fileID: 0}
--- !u!1 &3319310879294398951 stripped
GameObject:
  m_CorrespondingSourceObject: {fileID: 3381169513398882299, guid: f3d292c43e415534a9b9e37ddd6c6101,
    type: 3}
  m_PrefabInstance: {fileID: 71174044521328156}
  m_PrefabAsset: {fileID: 0}
--- !u!1001 &1946271556070621897
PrefabInstance:
  m_ObjectHideFlags: 0
  serializedVersion: 2
  m_Modification:
    m_TransformParent: {fileID: 3774034201712045771}
    m_Modifications:
    - target: {fileID: 2625717081278709991, guid: 8abdde931c053eb4090664baa3fdfc7c,
        type: 3}
      propertyPath: m_Name
      value: WeakWallSpawnPoint
      objectReference: {fileID: 0}
    - target: {fileID: 2625717081278710009, guid: 8abdde931c053eb4090664baa3fdfc7c,
        type: 3}
      propertyPath: m_LocalPosition.x
      value: -0.84
      objectReference: {fileID: 0}
    - target: {fileID: 2625717081278710009, guid: 8abdde931c053eb4090664baa3fdfc7c,
        type: 3}
      propertyPath: m_LocalPosition.y
      value: -6.01
      objectReference: {fileID: 0}
    - target: {fileID: 2625717081278710009, guid: 8abdde931c053eb4090664baa3fdfc7c,
        type: 3}
      propertyPath: m_LocalPosition.z
      value: 0
      objectReference: {fileID: 0}
    - target: {fileID: 2625717081278710009, guid: 8abdde931c053eb4090664baa3fdfc7c,
        type: 3}
      propertyPath: m_LocalRotation.x
      value: 0
      objectReference: {fileID: 0}
    - target: {fileID: 2625717081278710009, guid: 8abdde931c053eb4090664baa3fdfc7c,
        type: 3}
      propertyPath: m_LocalRotation.y
      value: 0
      objectReference: {fileID: 0}
    - target: {fileID: 2625717081278710009, guid: 8abdde931c053eb4090664baa3fdfc7c,
        type: 3}
      propertyPath: m_LocalRotation.z
      value: 0
      objectReference: {fileID: 0}
    - target: {fileID: 2625717081278710009, guid: 8abdde931c053eb4090664baa3fdfc7c,
        type: 3}
      propertyPath: m_LocalRotation.w
      value: 1
      objectReference: {fileID: 0}
    - target: {fileID: 2625717081278710009, guid: 8abdde931c053eb4090664baa3fdfc7c,
        type: 3}
      propertyPath: m_RootOrder
      value: 0
      objectReference: {fileID: 0}
    - target: {fileID: 2625717081278710009, guid: 8abdde931c053eb4090664baa3fdfc7c,
        type: 3}
      propertyPath: m_LocalEulerAnglesHint.x
      value: 0
      objectReference: {fileID: 0}
    - target: {fileID: 2625717081278710009, guid: 8abdde931c053eb4090664baa3fdfc7c,
        type: 3}
      propertyPath: m_LocalEulerAnglesHint.y
      value: 0
      objectReference: {fileID: 0}
    - target: {fileID: 2625717081278710009, guid: 8abdde931c053eb4090664baa3fdfc7c,
        type: 3}
      propertyPath: m_LocalEulerAnglesHint.z
      value: 0
      objectReference: {fileID: 0}
    m_RemovedComponents: []
  m_SourcePrefab: {fileID: 100100000, guid: 8abdde931c053eb4090664baa3fdfc7c, type: 3}
--- !u!4 &4571963331400843824 stripped
Transform:
  m_CorrespondingSourceObject: {fileID: 2625717081278710009, guid: 8abdde931c053eb4090664baa3fdfc7c,
    type: 3}
  m_PrefabInstance: {fileID: 1946271556070621897}
  m_PrefabAsset: {fileID: 0}
--- !u!1001 &2534327563311455847
PrefabInstance:
  m_ObjectHideFlags: 0
  serializedVersion: 2
  m_Modification:
    m_TransformParent: {fileID: 3774034201712045771}
    m_Modifications:
    - target: {fileID: 1393001661345493280, guid: f3d292c43e415534a9b9e37ddd6c6101,
        type: 3}
      propertyPath: m_Name
      value: Room TB (3)
      objectReference: {fileID: 0}
    - target: {fileID: 1393001661345493281, guid: f3d292c43e415534a9b9e37ddd6c6101,
        type: 3}
      propertyPath: m_LocalPosition.x
      value: 0
      objectReference: {fileID: 0}
    - target: {fileID: 1393001661345493281, guid: f3d292c43e415534a9b9e37ddd6c6101,
        type: 3}
      propertyPath: m_LocalPosition.y
      value: -4
      objectReference: {fileID: 0}
    - target: {fileID: 1393001661345493281, guid: f3d292c43e415534a9b9e37ddd6c6101,
        type: 3}
      propertyPath: m_LocalPosition.z
      value: 0
      objectReference: {fileID: 0}
    - target: {fileID: 1393001661345493281, guid: f3d292c43e415534a9b9e37ddd6c6101,
        type: 3}
      propertyPath: m_LocalRotation.x
      value: 0
      objectReference: {fileID: 0}
    - target: {fileID: 1393001661345493281, guid: f3d292c43e415534a9b9e37ddd6c6101,
        type: 3}
      propertyPath: m_LocalRotation.y
      value: 0
      objectReference: {fileID: 0}
    - target: {fileID: 1393001661345493281, guid: f3d292c43e415534a9b9e37ddd6c6101,
        type: 3}
      propertyPath: m_LocalRotation.z
      value: 0
      objectReference: {fileID: 0}
    - target: {fileID: 1393001661345493281, guid: f3d292c43e415534a9b9e37ddd6c6101,
        type: 3}
      propertyPath: m_LocalRotation.w
      value: 1
      objectReference: {fileID: 0}
    - target: {fileID: 1393001661345493281, guid: f3d292c43e415534a9b9e37ddd6c6101,
        type: 3}
      propertyPath: m_RootOrder
      value: 2
      objectReference: {fileID: 0}
    - target: {fileID: 1393001661345493281, guid: f3d292c43e415534a9b9e37ddd6c6101,
        type: 3}
      propertyPath: m_LocalEulerAnglesHint.x
      value: 0
      objectReference: {fileID: 0}
    - target: {fileID: 1393001661345493281, guid: f3d292c43e415534a9b9e37ddd6c6101,
        type: 3}
      propertyPath: m_LocalEulerAnglesHint.y
      value: 0
      objectReference: {fileID: 0}
    - target: {fileID: 1393001661345493281, guid: f3d292c43e415534a9b9e37ddd6c6101,
        type: 3}
      propertyPath: m_LocalEulerAnglesHint.z
      value: 0
      objectReference: {fileID: 0}
    - target: {fileID: 3734515531727434963, guid: f3d292c43e415534a9b9e37ddd6c6101,
        type: 3}
      propertyPath: alwaysRegular
      value: 0
      objectReference: {fileID: 0}
    - target: {fileID: 3734515531727434963, guid: f3d292c43e415534a9b9e37ddd6c6101,
        type: 3}
      propertyPath: securityAddon
      value: 
      objectReference: {fileID: 6580968102247759301}
    - target: {fileID: 6599887360916191983, guid: f3d292c43e415534a9b9e37ddd6c6101,
        type: 3}
      propertyPath: reachable
      value: 0
      objectReference: {fileID: 0}
    - target: {fileID: 6599887360916191983, guid: f3d292c43e415534a9b9e37ddd6c6101,
        type: 3}
      propertyPath: securityAddon
      value: 
      objectReference: {fileID: 993024750457213340}
    m_RemovedComponents: []
  m_SourcePrefab: {fileID: 100100000, guid: f3d292c43e415534a9b9e37ddd6c6101, type: 3}
--- !u!4 &3494602943522402118 stripped
Transform:
  m_CorrespondingSourceObject: {fileID: 1393001661345493281, guid: f3d292c43e415534a9b9e37ddd6c6101,
    type: 3}
  m_PrefabInstance: {fileID: 2534327563311455847}
  m_PrefabAsset: {fileID: 0}
--- !u!1 &6580968102247759301 stripped
GameObject:
  m_CorrespondingSourceObject: {fileID: 8682930060724691874, guid: f3d292c43e415534a9b9e37ddd6c6101,
    type: 3}
  m_PrefabInstance: {fileID: 2534327563311455847}
  m_PrefabAsset: {fileID: 0}
--- !u!1 &993024750457213340 stripped
GameObject:
  m_CorrespondingSourceObject: {fileID: 3381169513398882299, guid: f3d292c43e415534a9b9e37ddd6c6101,
    type: 3}
  m_PrefabInstance: {fileID: 2534327563311455847}
  m_PrefabAsset: {fileID: 0}
--- !u!1001 &7073874341554227503
PrefabInstance:
  m_ObjectHideFlags: 0
  serializedVersion: 2
  m_Modification:
    m_TransformParent: {fileID: 3494602943522402118}
    m_Modifications:
    - target: {fileID: 3345791331310210541, guid: ade07b99e5bffac48ad00d520f67c0fd,
        type: 3}
      propertyPath: m_Name
      value: KeySpawn
      objectReference: {fileID: 0}
    - target: {fileID: 5057191478908044712, guid: ade07b99e5bffac48ad00d520f67c0fd,
        type: 3}
      propertyPath: m_LocalPosition.x
      value: 0.685
      objectReference: {fileID: 0}
    - target: {fileID: 5057191478908044712, guid: ade07b99e5bffac48ad00d520f67c0fd,
        type: 3}
      propertyPath: m_LocalPosition.y
      value: -0.6700001
      objectReference: {fileID: 0}
    - target: {fileID: 5057191478908044712, guid: ade07b99e5bffac48ad00d520f67c0fd,
        type: 3}
      propertyPath: m_LocalPosition.z
      value: 0
      objectReference: {fileID: 0}
    - target: {fileID: 5057191478908044712, guid: ade07b99e5bffac48ad00d520f67c0fd,
        type: 3}
      propertyPath: m_LocalRotation.x
      value: 0
      objectReference: {fileID: 0}
    - target: {fileID: 5057191478908044712, guid: ade07b99e5bffac48ad00d520f67c0fd,
        type: 3}
      propertyPath: m_LocalRotation.y
      value: 0
      objectReference: {fileID: 0}
    - target: {fileID: 5057191478908044712, guid: ade07b99e5bffac48ad00d520f67c0fd,
        type: 3}
      propertyPath: m_LocalRotation.z
      value: 0
      objectReference: {fileID: 0}
    - target: {fileID: 5057191478908044712, guid: ade07b99e5bffac48ad00d520f67c0fd,
        type: 3}
      propertyPath: m_LocalRotation.w
      value: 1
      objectReference: {fileID: 0}
    - target: {fileID: 5057191478908044712, guid: ade07b99e5bffac48ad00d520f67c0fd,
        type: 3}
      propertyPath: m_RootOrder
      value: 1
      objectReference: {fileID: 0}
    - target: {fileID: 5057191478908044712, guid: ade07b99e5bffac48ad00d520f67c0fd,
        type: 3}
      propertyPath: m_LocalEulerAnglesHint.x
      value: 0
      objectReference: {fileID: 0}
    - target: {fileID: 5057191478908044712, guid: ade07b99e5bffac48ad00d520f67c0fd,
        type: 3}
      propertyPath: m_LocalEulerAnglesHint.y
      value: 0
      objectReference: {fileID: 0}
    - target: {fileID: 5057191478908044712, guid: ade07b99e5bffac48ad00d520f67c0fd,
        type: 3}
      propertyPath: m_LocalEulerAnglesHint.z
      value: 0
      objectReference: {fileID: 0}
    m_RemovedComponents: []
  m_SourcePrefab: {fileID: 100100000, guid: ade07b99e5bffac48ad00d520f67c0fd, type: 3}
--- !u!1001 &8795808479759407071
PrefabInstance:
  m_ObjectHideFlags: 0
  serializedVersion: 2
  m_Modification:
    m_TransformParent: {fileID: 3774034201712045771}
    m_Modifications:
    - target: {fileID: 1393001661345493280, guid: 263cadc0b71be2742b414cf477263e3e,
        type: 3}
      propertyPath: m_Name
      value: Room T (1)
      objectReference: {fileID: 0}
    - target: {fileID: 1393001661345493281, guid: 263cadc0b71be2742b414cf477263e3e,
        type: 3}
      propertyPath: m_LocalPosition.x
      value: 0
      objectReference: {fileID: 0}
    - target: {fileID: 1393001661345493281, guid: 263cadc0b71be2742b414cf477263e3e,
        type: 3}
      propertyPath: m_LocalPosition.y
      value: -8
      objectReference: {fileID: 0}
    - target: {fileID: 1393001661345493281, guid: 263cadc0b71be2742b414cf477263e3e,
        type: 3}
      propertyPath: m_LocalPosition.z
      value: 0
      objectReference: {fileID: 0}
    - target: {fileID: 1393001661345493281, guid: 263cadc0b71be2742b414cf477263e3e,
        type: 3}
      propertyPath: m_LocalRotation.x
      value: 0
      objectReference: {fileID: 0}
    - target: {fileID: 1393001661345493281, guid: 263cadc0b71be2742b414cf477263e3e,
        type: 3}
      propertyPath: m_LocalRotation.y
      value: 0
      objectReference: {fileID: 0}
    - target: {fileID: 1393001661345493281, guid: 263cadc0b71be2742b414cf477263e3e,
        type: 3}
      propertyPath: m_LocalRotation.z
      value: 0
      objectReference: {fileID: 0}
    - target: {fileID: 1393001661345493281, guid: 263cadc0b71be2742b414cf477263e3e,
        type: 3}
      propertyPath: m_LocalRotation.w
      value: 1
      objectReference: {fileID: 0}
    - target: {fileID: 1393001661345493281, guid: 263cadc0b71be2742b414cf477263e3e,
        type: 3}
      propertyPath: m_RootOrder
      value: 3
      objectReference: {fileID: 0}
    - target: {fileID: 1393001661345493281, guid: 263cadc0b71be2742b414cf477263e3e,
        type: 3}
      propertyPath: m_LocalEulerAnglesHint.x
      value: 0
      objectReference: {fileID: 0}
    - target: {fileID: 1393001661345493281, guid: 263cadc0b71be2742b414cf477263e3e,
        type: 3}
      propertyPath: m_LocalEulerAnglesHint.y
      value: 0
      objectReference: {fileID: 0}
    - target: {fileID: 1393001661345493281, guid: 263cadc0b71be2742b414cf477263e3e,
        type: 3}
      propertyPath: m_LocalEulerAnglesHint.z
      value: 0
      objectReference: {fileID: 0}
    - target: {fileID: 6599887360916191983, guid: 263cadc0b71be2742b414cf477263e3e,
        type: 3}
      propertyPath: reachable
      value: 0
      objectReference: {fileID: 0}
    - target: {fileID: 6599887360916191983, guid: 263cadc0b71be2742b414cf477263e3e,
        type: 3}
      propertyPath: securityAddon
      value: 
      objectReference: {fileID: 6123961972819548196}
    m_RemovedComponents: []
  m_SourcePrefab: {fileID: 100100000, guid: 263cadc0b71be2742b414cf477263e3e, type: 3}
--- !u!4 &7585208101954610942 stripped
Transform:
  m_CorrespondingSourceObject: {fileID: 1393001661345493281, guid: 263cadc0b71be2742b414cf477263e3e,
    type: 3}
  m_PrefabInstance: {fileID: 8795808479759407071}
  m_PrefabAsset: {fileID: 0}
--- !u!1 &6123961972819548196 stripped
GameObject:
  m_CorrespondingSourceObject: {fileID: 3381169513398882299, guid: 263cadc0b71be2742b414cf477263e3e,
    type: 3}
  m_PrefabInstance: {fileID: 8795808479759407071}
  m_PrefabAsset: {fileID: 0}
--- !u!1001 &8870691307297643388
PrefabInstance:
  m_ObjectHideFlags: 0
  serializedVersion: 2
  m_Modification:
    m_TransformParent: {fileID: 1416439033888579389}
    m_Modifications:
    - target: {fileID: 3345791331310210541, guid: ade07b99e5bffac48ad00d520f67c0fd,
        type: 3}
      propertyPath: m_Name
      value: KeySpawn
      objectReference: {fileID: 0}
    - target: {fileID: 5057191478908044712, guid: ade07b99e5bffac48ad00d520f67c0fd,
        type: 3}
      propertyPath: m_LocalPosition.x
      value: -1.02
      objectReference: {fileID: 0}
    - target: {fileID: 5057191478908044712, guid: ade07b99e5bffac48ad00d520f67c0fd,
        type: 3}
      propertyPath: m_LocalPosition.y
      value: -0.745
      objectReference: {fileID: 0}
    - target: {fileID: 5057191478908044712, guid: ade07b99e5bffac48ad00d520f67c0fd,
        type: 3}
      propertyPath: m_LocalPosition.z
      value: 0
      objectReference: {fileID: 0}
    - target: {fileID: 5057191478908044712, guid: ade07b99e5bffac48ad00d520f67c0fd,
        type: 3}
      propertyPath: m_LocalRotation.x
      value: 0
      objectReference: {fileID: 0}
    - target: {fileID: 5057191478908044712, guid: ade07b99e5bffac48ad00d520f67c0fd,
        type: 3}
      propertyPath: m_LocalRotation.y
      value: 0
      objectReference: {fileID: 0}
    - target: {fileID: 5057191478908044712, guid: ade07b99e5bffac48ad00d520f67c0fd,
        type: 3}
      propertyPath: m_LocalRotation.z
      value: 0
      objectReference: {fileID: 0}
    - target: {fileID: 5057191478908044712, guid: ade07b99e5bffac48ad00d520f67c0fd,
        type: 3}
      propertyPath: m_LocalRotation.w
      value: 1
      objectReference: {fileID: 0}
    - target: {fileID: 5057191478908044712, guid: ade07b99e5bffac48ad00d520f67c0fd,
        type: 3}
      propertyPath: m_RootOrder
      value: 1
      objectReference: {fileID: 0}
    - target: {fileID: 5057191478908044712, guid: ade07b99e5bffac48ad00d520f67c0fd,
        type: 3}
      propertyPath: m_LocalEulerAnglesHint.x
      value: 0
      objectReference: {fileID: 0}
    - target: {fileID: 5057191478908044712, guid: ade07b99e5bffac48ad00d520f67c0fd,
        type: 3}
      propertyPath: m_LocalEulerAnglesHint.y
      value: 0
      objectReference: {fileID: 0}
    - target: {fileID: 5057191478908044712, guid: ade07b99e5bffac48ad00d520f67c0fd,
        type: 3}
      propertyPath: m_LocalEulerAnglesHint.z
      value: 0
      objectReference: {fileID: 0}
    m_RemovedComponents: []
  m_SourcePrefab: {fileID: 100100000, guid: ade07b99e5bffac48ad00d520f67c0fd, type: 3}
